Map: Blackpink LE

Players

RiSky - Winner!

  • Race: Zerg Zerg
  • Spawn Location: 7:00

BackupJ (Kas)

  • Race: Terran Terran
  • Spawn Location: 1:00

Event: WCS Leipzig 2018

VOD

Have the link to the VOD?

Description

Time

  • Played on: Jan. 26, 2018, 7:09 a.m.
  • Length: 18:39

All games in this series

Show
View Real Time Build Order
Export as new Build Order

RiSky Zerg - Winner!

Build Orders: Hatch First 

Get SALT Encoding   

  12  0:00  Drone  
  13  0:12  Overlord  
  13  0:17  Drone  
  14  0:30  Drone x2  
  14  0:34  Drone  
  17  0:52  Hatchery  
  17  0:54  Drone  
  17  0:57  Drone  
  18  1:07  Extractor  
  17  1:12  Spawning Pool  
  17  1:15  Drone  
  17  1:18  Drone  
  18  1:27  Drone  
  19  1:38  Overlord  
  19  1:49  Drone  
  20  1:58  Queen  
  20  1:59  Zergling x2  
  23  2:03  Queen  
  23  2:04  Zergling x2  
  23  2:07  Metabolic Boost  
  26  2:11  Drone  
  26  2:15  Drone  
  28  2:21  Drone  
  29  2:25  Drone  
  30  2:35  Hatchery  
  30  2:36  Drone  
  30  2:39  Drone  
  31  2:45  Overlord  
  31  2:47  Drone  
  32  2:53  Drone  
  32  2:57  Drone  
  34  3:04  Drone  
  35  3:10  Drone x2  
  35  3:11  Overlord  
  35  3:12  Drone  
  38  3:13  Drone x3  
  38  3:17  Pneumatized Carapace  
  38  3:19  Drone  
  42  3:21  Drone  
  43  3:29  Zergling x2, Queen  
  43  3:31  Zergling x2  
  47  3:40  Drone, Roach Warren  
  47  3:43  Overlord  
  47  3:46  Drone x3  
  47  3:47  Drone  
  51  3:51  Drone x2  
  51  3:53  Drone  
  51  3:55  Drone  
  55  3:58  Zergling x4  
  55  4:02  Queen  
  59  4:06  Spore Crawler  
  58  4:10  Zergling x2  
  58  4:11  Drone  
  58  4:14  Drone x2  
  58  4:16  Queen  
  64  4:21  Overlord  
  64  4:26  Overlord  
  64  4:29  Overlord  
  64  4:34  Overlord  
  64  4:36  Evolution Chamber  
  64  4:37  Evolution Chamber  
  62  4:44  Drone x4  
  66  4:50  Drone  
  66  4:51  Drone  
  66  4:52  Overlord  
  68  4:54  Drone  
  68  4:55  Drone  
  68  4:56  Drone, Queen  
  73  5:00  Overlord  
  73  5:02  Drone  
  73  5:04  Drone  
  73  5:06  Zerg Ground Armor Level 1, Zerg Melee Weapons Level 1  
  75  5:09  Extractor  
  75  5:10  Overlord  
  75  5:12  Drone  
  75  5:13  Drone  
  76  5:14  Overlord  
  76  5:15  Drone  
  76  5:16  Drone x3  
  80  5:25  Lair  
  80  5:27  Overlord  
  80  5:28  Drone  
  81  5:29  Drone  
  81  5:31  Extractor  
  81  5:32  Extractor  
  81  5:33  Extractor  
  81  5:34  Drone  
  80  5:35  Drone  
  80  5:37  Drone x2  
  80  5:40  Spore Crawler  
  75  5:43  Hatchery  
  70  5:50  Drone  
  70  5:51  Drone  
  70  5:52  Drone x3  
  70  5:53  Drone  
  75  5:57  Drone x2  
  75  5:59  Drone x2  
  75  6:03  Baneling Nest  
  77  6:04  Drone  
  77  6:08  Drone  
  77  6:10  Drone x2  
  77  6:11  Drone x2  
  83  6:19  Roach x2  
  83  6:21  Drone  
  83  6:23  Drone, Extractor  
  83  6:24  Drone  
  90  6:25  Drone  
  90  6:27  Drone, Infestation Pit  
  90  6:31  Drone  
  92  6:32  Drone  
  92  6:33  Drone  
  92  6:35  Drone x2  
  95  6:40  Zergling x6  
  95  6:42  Glial Reconstitution  
  95  6:44  Roach x3  
  104  6:51  Hatchery  
  104  6:53  Roach x2  
  107  6:56  Zergling x8  
  107  7:00  Zergling x6  
  114  7:03  Centrifical Hooks  
  114  7:07  Baneling  
  114  7:08  Baneling x5, Zergling x4  
  116  7:12  Zerg Ground Armor Level 2  
  116  7:21  Hive  
  116  7:22  Zergling x4  
  118  7:23  Zergling x4  
  118  7:24  Overlord  
  118  7:29  Overlord  
  118  7:33  Overlord  
  118  7:35  Zerg Melee Weapons Level 2  
  118  7:39  Overlord  
  118  7:40  Overlord x2  
  118  7:52  Drone x6  
  118  7:53  Drone x7  
  118  7:55  Zergling x6  
  134  7:59  Zergling x6  
  134  8:03  Zergling x4  
  134  8:04  Zergling x2  
  140  8:05  Zergling x2  
  140  8:06  Zergling x6  
  144  8:13  Zergling x2  
  144  8:16  Zergling x6  
  147  8:32  Zergling x14  
  154  8:35  Adrenal Glands  
  154  8:36  Ultralisk Cavern  
  154  8:38  Baneling x2  
  154  8:40  Zergling x8  
  154  8:41  Zergling x12  
  163  8:46  Zergling x6  
  166  8:52  Zergling x4  
  164  8:58  Zergling x2, Extractor x2  
  164  9:01  Baneling  
  164  9:02  Baneling x13  
  163  9:03  Hatchery  
  163  9:05  Overlord  
  163  9:08  Overlord  
  163  9:09  Overlord  
  162  9:11  Overlord  
  162  9:17  Overlord  
  162  9:20  Zergling x6  
  162  9:22  Chitinous Plating  
  162  9:23  Overlord x5  
  165  9:27  Zergling x4  
  165  9:28  Zergling x6  
  170  9:33  Ultralisk x2  
  170  9:34  Ultralisk  
  188  9:40  Ultralisk  
  192  9:51  Ultralisk  
  189  10:01  Ultralisk  
  189  10:05  Zerg Melee Weapons Level 3, Zerg Ground Armor Level 3  
  189  10:18  Queen  
  182  10:25  Ultralisk x2  
  192  10:32  Overseer  
  192  10:34  Ravager x2  
  192  10:35  Ravager x2  
  191  10:43  Spore Crawler  
  191  10:45  Spire  
  191  10:48  Zergling x2  
  191  10:49  Zergling x20  
  199  10:55  Extractor  
  198  11:03  Zergling x2  
  198  11:04  Zergling x18  
  198  11:09  Ultralisk  
  190  11:22  Ultralisk x2  
  163  11:27  Zergling x18  
  163  11:28  Zergling x28  
  185  11:37  Zergling x10  
  186  11:41  Zergling x4  
  186  11:42  Hatchery  
  186  11:47  Baneling x14  
  187  11:49  Drone x7  
  187  11:50  Drone  
  194  12:06  Spore Crawler  
  193  12:13  Corruptor x3  
  196  12:23  Corruptor x2  
  193  12:33  Drone  
  193  12:34  Drone x4  
  193  12:41  Corruptor x4  
  197  12:59  Baneling  
  197  13:00  Baneling x12  
  197  13:07  Zergling x10  
  197  13:12  Corruptor x3  
  194  13:24  Zergling x30  
  194  13:25  Zergling x4  
  162  13:27  Ultralisk x2  
  162  13:30  Zergling x8  
  178  13:35  Zergling x8  
  178  13:37  Zergling x6  
  185  13:44  Baneling  
  185  13:45  Baneling x5  
  185  13:46  Zergling x8  
  184  13:55  Zergling x20  
  174  14:00  Zergling x2  
  174  14:01  Zergling x6  
  152  14:03  Greater Spire  
  152  14:05  Zergling x4  
  153  14:15  Hatchery  
  140  14:29  Zergling x2  
  140  14:30  Zergling x28  
  150  14:39  Zergling x10  
  150  14:45  Zergling x6  
  158  14:50  Zergling x6  
  154  14:58  Hatchery  
  154  14:59  Zergling x8  
  131  15:00  Overlord x2  
  131  15:03  Zergling x8  
  128  15:20  Corruptor x2  
  132  15:22  Brood Lord  
  133  15:30  Brood Lord  
  133  15:34  Hatchery  
  131  15:43  Brood Lord x3  
  130  16:07  Zergling x24  
  140  16:15  Zergling x2  
  138  16:22  Corruptor x2  
  138  16:23  Corruptor  
  144  16:27  Brood Lord x2  
  148  16:33  Corruptor x2  
  148  16:35  Overseer  
  148  16:38  Zergling x6  
  155  16:43  Zergling x4  
  155  16:44  Zergling x10  
  162  16:50  Infestor x3  
  167  16:54  Infestor  
  167  16:55  Infestor  
  167  16:57  Brood Lord  
  167  16:59  Brood Lord  
  170  17:07  Corruptor x3  
  176  17:10  Baneling x6  
  176  17:12  Zergling x4  
  175  17:27  Corruptor x2  
  175  17:28  Corruptor x2  
  175  17:29  Corruptor  
  185  17:35  Corruptor x2  
  177  17:48  Corruptor x3  
  177  17:51  Brood Lord x2  
  187  17:54  Overseer  
  187  17:56  Overseer  
  187  17:58  Overseer x3  
  187  18:00  Corruptor x2  
  191  18:18  Zergling x4  
  191  18:19  Zergling x4  
Show
View Real Time Build Order
Export as new Build Order

BackupJ Terran 

Build Orders: Gas First Reaper Expand, Liberator Opening, Reaper Expand, Bio Tank 

Get SALT Encoding   

  12  0:01  SCV  
  13  0:13  SCV  
  14  0:17  Supply Depot  
  14  0:25  SCV  
  15  0:30  Refinery  
  15  0:38  SCV  
  16  0:44  Barracks  
  16  0:51  SCV  
  17  1:03  SCV  
  18  1:15  SCV  
  19  1:32  Orbital Command, Reaper  
  20  1:42  Command Center  
  20  1:55  Factory  
  20  1:57  SCV  
  21  2:08  Supply Depot  
  21  2:09  Barracks Reactor  
  21  2:15  SCV  
  22  2:17  Refinery  
  22  2:27  SCV  
  23  2:44  SCV  
  23  2:45  Starport  
  24  2:53  Hellion x2  
  24  2:57  Orbital Command  
  28  2:58  SCV  
  29  3:11  SCV  
  30  3:15  Hellion x2  
  34  3:22  SCV  
  34  3:25  SCV  
  36  3:29  Viking  
  38  3:34  SCV  
  38  3:40  Hellion x2  
  43  3:41  SCV  
  43  3:46  SCV  
  45  3:50  Supply Depot  
  45  3:53  SCV  
  45  3:54  Liberator  
  46  4:11  SCV  
  46  4:13  SCV, Command Center  
  46  4:15  Supply Depot  
  51  4:23  SCV  
  52  4:25  SCV, Barracks Tech Lab  
  53  4:36  SCV  
  53  4:38  Barracks  
  54  4:39  Supply Depot, Barracks  
  54  4:48  Marine  
  54  4:49  Factory Reactor, Stimpack  
  54  4:50  SCV  
  56  4:55  Engineering Bay  
  56  5:00  Engineering Bay  
  56  5:01  SCV  
  56  5:03  SCV  
  56  5:06  Marine  
  59  5:13  SCV  
  60  5:21  SCV  
  61  5:22  Starport Reactor  
  61  5:23  Terran Infantry Weapons Level 1  
  61  5:24  Marine  
  61  5:25  Orbital Command  
  62  5:33  Marine x2  
  62  5:35  SCV x2  
  66  5:37  Marine x2  
  66  5:41  Marine  
  65  5:51  SCV x2  
  65  5:52  Marine x2  
  65  5:53  Factory Tech Lab  
  65  5:54  Terran Infantry Armor Level 1  
  65  5:55  Marine  
  63  5:57  Refinery  
  63  5:58  Refinery, Orbital Command  
  63  5:59  Marine x2  
  63  6:01  Medivac x2  
  63  6:03  SCV  
  69  6:09  Marine  
  69  6:10  Marine  
  71  6:12  Marine  
  71  6:14  Supply Depot  
  71  6:15  Siege Tank  
  71  6:17  Marine x2  
  71  6:18  SCV  
  78  6:20  Supply Depot  
  78  6:26  SCV  
  78  6:27  SCV, Barracks, Marine x2  
  78  6:28  Barracks  
  78  6:30  Marine  
  83  6:35  SCV, Marine  
  83  6:37  Marine  
  83  6:38  SCV  
  83  6:39  SCV  
  88  6:40  Supply Depot  
  88  6:41  Supply Depot  
  88  6:45  Marine x2  
  90  6:48  Siege Tank, Marine  
  90  6:51  SCV  
  90  6:52  SCV, Armory, Marine  
  90  6:53  SCV  
  98  6:54  Combat Shields  
  98  6:55  Marine  
  99  7:03  Marine x2  
  99  7:04  SCV x2, Supply Depot  
  99  7:06  Marine  
  104  7:10  Marine  
  104  7:11  SCV  
  104  7:13  Marine  
  109  7:16  SCV, Supply Depot  
  109  7:17  Barracks Reactor x2  
  109  7:21  Marine x2  
  110  7:23  SCV, Siege Tank  
  110  7:24  Marine  
  110  7:25  Factory  
  110  7:26  Supply Depot  
  110  7:28  Marine  
  113  7:30  Marine  
  113  7:32  Supply Depot  
  113  7:33  SCV x2  
  116  7:37  Medivac  
  116  7:38  Medivac  
  116  7:39  Marine x2  
  116  7:41  Marine  
  123  7:45  Refinery  
  123  7:46  Refinery, Marine  
  123  7:47  Terran Infantry Weapons Level 2  
  123  7:48  Marine  
  125  7:53  Marine x2  
  125  7:54  Marine x2  
  125  7:56  Marine  
  130  7:59  Marine  
  130  8:01  SCV x2  
  130  8:02  SCV  
  134  8:07  Supply Depot  
  134  8:08  Siege Tank  
  134  8:10  Factory Tech Lab  
  134  8:11  Marine x4  
  141  8:15  Terran Infantry Armor Level 2  
  141  8:16  Marine x3  
  141  8:17  Marine x2  
  146  8:26  Terran Vehicle Weapons Level 1  
  146  8:29  Marine x4  
  146  8:30  Medivac  
  152  8:34  Marine x3  
  152  8:35  Supply Depot, Marine  
  152  8:38  Supply Depot  
  152  8:39  Marine  
  157  8:42  Supply Depot  
  157  8:50  Marine  
  157  8:51  Marine x3  
  156  8:57  Siege Tank x2  
  156  8:58  Command Center  
  156  8:59  Marine x3  
  165  9:03  Marine x2  
  165  9:04  Supply Depot  
  165  9:05  Supply Depot  
  165  9:08  Marine  
  168  9:12  Marine x3  
  168  9:16  Marine  
  168  9:17  Marine  
  172  9:19  Marine  
  172  9:21  Marine x2  
  176  9:24  Medivac  
  176  9:26  Marine  
  176  9:29  Siege Tank, Marine  
  176  9:30  Marine  
  184  9:40  Marine x2, Barracks x2  
  184  9:42  Barracks  
  186  9:50  Marine x2  
  186  9:51  Marine x2  
  186  9:52  Marine x2  
  192  9:53  Siege Tank  
  192  9:56  Marine  
  192  9:58  Marine  
  197  10:01  Marine  
  197  10:05  Siege Tank  
  194  10:08  Marine x2  
  187  10:25  Siege Tank  
  187  10:27  Marine x4  
  186  10:31  Liberator x2  
  186  10:32  Marine x2  
  186  10:34  Barracks Tech Lab x2  
  186  10:35  Planetary Fortress  
  188  10:37  Siege Tank  
  188  10:42  Terran Infantry Weapons Level 3  
  191  10:43  Terran Infantry Armor Level 3  
  191  10:44  Terran Vehicle Weapons Level 2  
  191  10:45  Marine  
  191  10:47  SCV  
  198  11:05  Marauder  
  185  11:13  Liberator  
  185  11:14  Liberator  
  185  11:15  Marauder x2  
  185  11:16  Barracks Tech Lab  
  165  11:28  Siege Tank  
  165  11:30  Marauder  
  165  11:32  Command Center  
  176  11:37  Marauder  
  176  11:38  Marauder, Marine x2  
  176  11:39  Marauder, Marine  
  185  11:51  Supply Depot, Marauder  
  185  11:53  Supply Depot  
  187  11:57  Liberator  
  187  11:59  SCV, Marauder  
  189  12:12  Marine, Siege Tank  
  189  12:13  Marauder x2  
  199  12:22  Supply Depot, Siege Tank  
  197  12:25  Marine x2  
  197  12:43  Marine, Marauder  
  197  12:44  Marine, Marauder  
  197  12:50  Command Center  
  200  12:57  Marauder  
  200  12:58  Ghost Academy  
  200  13:06  Marauder  
  193  13:19  Marine x3, Marauder x3  
  165  13:28  Marauder  
  165  13:30  Marine x2  
  168  13:36  Marine x2  
  168  13:40  Marauder x2  
  168  13:41  Marauder  
  172  13:48  Marine x3  
  172  13:49  Medivac x2  
  172  13:50  Marauder  
  173  14:02  Marauder x3  
  162  14:03  Marine x2  
  164  14:11  Marauder  
  164  14:12  Siege Tank  
  169  14:20  Supply Depot  
  169  14:21  SCV  
  169  14:23  Marauder x2  
  156  14:26  Marine  
  155  14:32  Marauder, Marine  
  158  14:39  Medivac  
  158  14:46  Marine  
  158  14:47  Marauder  
  138  14:59  Marine  
  129  15:11  Concussive Shells  
  106  15:21  SCV x2  
  104  15:41  Planetary Fortress  
  104  15:46  SCV  
  109  15:57  Marauder x2  
  109  15:59  SCV x2  
  109  16:00  SCV  
  112  16:11  SCV  
  113  16:14  Marine  
  113  16:23  Ghost  
  113  16:25  Supply Depot, Marine x6  
  116  16:26  Marauder  
  121  16:34  Marine  
  121  16:35  Marauder x2  
  121  16:36  SCV  
  121  16:39  Marine  
  127  16:48  Marauder  
  124  16:56  Marauder  
  124  16:59  Marine x3, Marauder  
  124  17:00  Marauder  
  131  17:09  Marine  
  131  17:10  Marine, Marauder  
  131  17:14  SCV  
  131  17:15  Orbital Command  
  136  17:16  SCV  
  136  17:17  Marauder  
  136  17:19  Marine  
  136  17:21  Marauder x2  
  141  17:23  Marine  
  141  17:26  SCV  
  129  17:31  Marauder  
  129  17:34  Marine x4  
  134  17:48  Ghost x2  
  133  17:56  Marine x2  
  133  17:57  Marine  
  136  17:59  Marine x2  
  136  18:03  SCV x2  
  140  18:07  Marine  
  140  18:09  Marine  
  142  18:15  Marine  
Tags
 
Add a new tag
Caveats
  • Supply blocks, unpowered buildings, or Contaminate may cause inaccurate times.
  • Supply counts are checked every 10 seconds.